 Dungeon Crawl Stone Soup version 0.22.1-1-ga44c0e5 (webtiles) character file.

46 Iscandelvey the Charmwright (level 3, -2/29 HPs)
             Began as a Demigod Skald on Sept 30, 2018.
             Slain by Robin
             ... wielding a +1 mace of holy wrath
              (3 damage)
             ... on level 2 of the Dungeon.
             The game lasted 00:04:10 (1757 turns).

Iscandelvey the Charmwright (Demigod Skald)         Turns: 1757, Time: 00:04:11

Health: -2/29      AC:  3    Str: 13 (14) XL:     3   Next: 27%
Magic:  0/8        EV: 12    Int: 21 (24) God:
Gold:   87         SH:  0    Dex: 14 (15) Spells: 5/6 levels left

rFire    . . .     SeeInvis .   a - +0 hand axe
rCold    . . .     Gourm    .   (no shield)
rNeg     . . .     Faith    .   b - +0 leather armour
rPois    .         Spirit   .   (no helmet)
rElec    .         Reflect  .   (no cloak)
rCorr    .         Harm     .   (no gloves)
MR       .....                  (no boots)
Stlth    +.........             (no amulet)
HPRegen  0.09/turn              (no ring)
MPRegen  0.11/turn              (no ring)

@: brilliant
A: high mp 1
a: no special abilities


You were on level 2 of the Dungeon.
You were hungry.

You visited 1 branch of the dungeon, and saw 2 of its levels.

You collected 87 gold pieces.

Inventory:

Hand Weapons
 a - a +0 hand axe (weapon)
Armour
 b - a +0 leather armour (worn)
Scrolls
 c - 4 scrolls of remove curse {unknown}
 e - 2 scrolls of fear {unknown}
 f - 2 scrolls of blinking {unknown}
 g - a scroll of teleportation {unknown}
 i - a scroll of enchant armour {unknown}
 l - a scroll of magic mapping {unknown}
Potions
 h - a potion of brilliance
 j - 2 potions of degeneration
 k - a potion of invisibility {unknown}
Comestibles
 d - 4 rations


   Skills:
 + Level 2.1 Fighting
 + Level 2.2 Axes
 + Level 1.2 Armour
 + Level 2.0 Dodging
 + Level 2.1 Spellcasting
 + Level 3.1 Charms


You had 5 spell levels left.
You knew the following spells:

 Your Spells              Type           Power        Failure   Level  Hunger
a - Infusion              Chrm           ####         1%          1    #......

Your spell library contained the following spells:

 Spells                   Type           Power        Failure   Level  Hunger
 Shroud of Golubria       Chrm/Tloc      ###.......   1%          2    ##.....
 Song of Slaying          Chrm           ####....     1%          2    ##.....
 Regeneration             Chrm/Necr      ###.......   3%          3    ###....
 Spectral Weapon          Hex/Chrm       ###.....     3%          3    ###....


Dungeon Overview and Level Annotations

Branches:
Dungeon (2/15)

Annotations:
D:2 Robin


Innate Abilities, Weirdness & Mutations

You have an increased reservoir of magic. (+10% MP)


Message History

You kill the goblin!
Robin roars a battlecry!
The goblin goes into a battle-frenzy!
The goblin barely misses you.
You hit Robin but do no damage. You barely miss the goblin.
The goblin hits you.
* * * LOW HITPOINT WARNING * * *
Robin closely misses you. The goblin closely misses you.
It was a potion of degeneration.
There was something very wrong with that liquid.
You feel weakened.
You feel dopey.
You feel clumsy. The goblin barely misses you.
It was a potion of brilliance.
You feel clever all of a sudden. Robin hits you but does no damage.
The goblin hits you.
* * * LOW HITPOINT WARNING * * *
You hit Robin but do no damage. You miss the goblin.
You are no longer magically infusing your attacks.
Robin hits you with a mace of holy wrath.
You die...

#.#..........##........... .
#.#..........++....[......
..##'#..........##..........(
................##.....#++..
................##...#.#.#
........##########...#.#.#
[....#..###### #####...#
#########....######......#
..........rg@g'......#
##....)######...).># #.....#
#......# #.(.†)# #......#
#####...r## #......#
.......(.# #......#
........)# ####+###
....?..$†.# ..........#


You could see Robin, a goblin and a rat.

Vanquished Creatures
  An adder (D:2)
  An ooze (D:2)
  2 dart slugs (D:1)
  A giant cockroach (D:1)
  11 goblins
  4 hobgoblins
  3 kobolds (D:1)
  4 rats
27 creatures vanquished.

Notes
Turn   | Place    | Note
-------+----------+-------------------------------------------
     0 | D:1      | Iscandelvey the Demigod Skald began the quest for the Orb.
     0 | D:1      | Reached XP level 1. HP: 17/17 MP: 5/5
   823 | D:1      | Reached XP level 2. HP: 24/24 MP: 2/7
   829 | D:1      | Reached skill level 1 in Armour
   829 | D:1      | Reached skill level 3 in Charms
  1398 | D:2      | Reached XP level 3. HP: 9/29 MP: 5/8
  1735 | D:2      | Noticed Robin
  1756 | D:2      | HP: 1/29 [goblin[Robin] (4)]
  1757 | D:2      | Slain by Robin

Skill      XL: |  1  2  3 |
---------------+----------+-----
Spellcasting   | 2 |  2.1
Armour         | 1 |  1.2
Charms         | 3 |  3.1
Axes           | 2 |  2.2
Fighting       | 2 |  2.1
Dodging        | 2 |  2.0

Action                   || total
-------------------------++-------
Melee: Hand axe          ||    80
 Cast: Infusion          ||     7
  Use: Potion            ||     2
  Eat: Chunk             ||     2
Armor: Leather armour    ||    18
Dodge: Dodged            ||    60
